 Dungeon Crawl Stone Soup version 0.16-a0-465-g631e55c (webtiles) character file.

169 PolkaDot the Chopper (level 5, -2/69 HPs)
             Began as a Hill Orc Gladiator on Sept 16, 2014.
             Was an Initiate of Beogh.
             Succumbed to an orc wizard's poison
             ... on Level 3 of the Dungeon.
             The game lasted 00:08:25 (2413 turns).

PolkaDot the Chopper (Hill Orc Gladiator)           Turns: 2413, Time: 00:08:25

HP  -2/69        AC 23     Str 18      XL: 5   Next: 50%
MP   5/5         EV  2     Int  8      God: Beogh [......]
Gold 183         SH  0     Dex 17      Spells:  0 memorised,  4 levels left

rFire  + . .     SeeInvis .     a - +0 war axe
rCold  + . .     Clarity  .     b - melded +0 leather armour
rNeg   + + +     rCorr    +     (no shield)
rPois  +         rRot     .     c - +0 helmet
rElec  +         Spirit   .     (cloak currently unavailable)
SustAb .         Warding  .     (gloves currently unavailable)
rMut   .         NoTele   +     (boots currently unavailable)
Gourm  .                        (no amulet)
MR     .....                    (no ring)
                                (no ring)

@: agile, lethally poisoned, tree-form (expiring), resistant, not resistant to
hostile enchantments, fairly stealthy
A: no striking features
a: Renounce Religion


You were on level 3 of the Dungeon.
You worshipped Beogh.
Beogh was noncommittal.
You were not hungry.
You were an animated tree.
You visited 1 branch of the dungeon, and saw 3 of its levels.

You collected 183 gold pieces.

Inventory:

Hand weapons
 a - a +0 war axe (weapon)
Missiles
 d - 3 throwing nets (quivered)
Armour
 b - a +0 leather armour (melded)
 c - a +0 helmet (worn)
Comestibles
 f - a meat ration
 h - 3 beef jerkies
 k - a chunk of bat flesh
 m - 6 fruits
 p - a chunk of giant newt flesh
 r - a rotting chunk of adder flesh
 w - a bread ration
 z - a chunk of goblin flesh
 B - a chunk of bat flesh
Scrolls
 e - a scroll of remove curse
 g - a scroll of amnesia {unknown}
 n - a scroll of enchant armour {unknown}
 s - a scroll of recharging {unknown}
 u - a scroll of fear {unknown}
 y - a scroll of teleportation {unknown}
Potions
 t - a potion of experience {unknown}
 x - a potion of cure mutation {unknown}
 A - a potion of restore abilities {unknown}


   Skills:
 + Level 3.9 Fighting
 * Level 6.4 Axes
 - Level 2.0 Throwing
 + Level 3.0 Dodging


You had 4 spell levels left.
You didn't know any spells.

Dungeon Overview and Level Annotations

Branches:
Dungeon (3/15)

Altars:


Message History

You feel sick.
The orc wizard is no longer moving quickly.
The orc wizard hits you but does no damage.
The orc hits you with a runed mace.
* * * LOW HITPOINT WARNING * * *
The orc wizard points at you and mumbles some strange words.
Helpless, you fail to dodge the puff of flame.
You resist.
Your magical contamination has completely faded away.
You closely miss the orc wizard.
The orc wizard is severely wounded.
* * * LOW HITPOINT WARNING * * *
You feel sick. The orc hits you but does no damage.
The orc wizard hits you but does no damage.
You are more poisoned.
You hit the orc wizard.
You kill the orc wizard!
Beogh accepts your kill.
Your transformation is almost over.
You die...

#.#...#.# #.##
##.# #.#...#.#
##.###.##
#.......# ##.(.##
..%#...#### ##.##
....###.########.#
...# ##.......#..
... #....##.####
... ##.>#.##.###
....###.#.#....)♣#
.#.#...##.####.#o#
.######.# #.#o#
#.. ..#.# ###
####.# #.# ..# ###


You could see 2 orcs.

Vanquished Creatures
  An orc wizard (D:3)
  7 adders
  3 giant geckos
  An ooze (D:1)
  3 orcs (D:3)
  A ball python (D:2)
  4 giant cockroaches
  10 hobgoblins
  3 jackals (D:2)
  A quokka (D:3)
  10 bats
  2 giant newts
  12 goblins
  8 kobolds
  9 rats
75 creatures vanquished.

Vanquished Creatures (others)
  Sigmund (D:3)
  A giant mite (D:3)
  3 orcs (D:3)
5 creatures vanquished.

Grand Total: 80 creatures vanquished

Notes
Turn   | Place    | Note
--------------------------------------------------------------
     0 | D:1      | PolkaDot, the Hill Orc Gladiator, began the quest for the Orb.
     0 | D:1      | Reached XP level 1. HP: 18/18 MP: 1/1
   150 | D:1      | Reached XP level 2. HP: 4/25 MP: 2/2
   732 | D:1      | Reached XP level 3. HP: 29/31 MP: 3/3
   816 | D:1      | Reached skill level 5 in Axes
  1274 | D:2      | Reached XP level 4. HP: 9/38 MP: 4/4
  1934 | D:3      | Became a worshipper of Beogh the Brigand
  2050 | D:3      | Reached skill level 6 in Axes
  2050 | D:3      | Reached XP level 5. HP: 19/46 MP: 5/5
  2364 | D:3      | Noticed Sigmund
  2387 | D:3      | Killed Sigmund
  2411 | D:3      | HP: 2/69 [orc/runed mace (3)]
  2413 | D:3      | Succumbed to an orc wizard's poison

Action                   |  1- 3 |  4- 6 || total
-------------------------+-------+-------++-------
Melee: War axe           |   134 |   106 ||   240
Invok: Convert to Beogh  |       |     1 ||     1
  Use: Potion            |       |     7 ||     7
       Scroll            |       |     3 ||     3
 Stab: Invisible         |       |     1 ||     1
  Eat: Chunk             |     1 |     4 ||     5
